AoeStats
← crypto_zhupel

Arabia

503630316Analyzed
1v1 RM · 1mo ago on Sep 1, 2026· 55m 47s· 2 players
Game mode
Random Map
Map size
Tiny (2 player)
Population
200
Speed
Normal
Resources
Standard
Victory
Conquest
Starting age
Dark Age
Ending age
Imperial Age
RankedLock teamsTeams togetherTeam positionsShared explorationLock speedFull tech treeHidden civsTurbo modeCheats
Victory
Defeat
🇷🇺 Bohemians · Russia
1304
+17
🇷🇺 Celts · Russia
1333
-17
Kingsglory
6:42 Loom
6:48 Loom
9:40 Feudal Age
10:11 Double-Bit Axe
12:07 Horse Collar
19:02 Castle Age
17:31 Town Watch
17:57 Scale Mail Armor
20:32 Bow Saw
21:10 Pikeman
23:25 Redemption
31:47 Sanctity
32:29 Fervor
38:32 Imperial Age
37:10 Fletching
37:31 Forging
38:11 Wheelbarrow
39:40 Town Patrol
40:09 Conscription
40:52 Wagenburg Tactics
41:43 Elite Hussite Wagon
44:22 Chemistry
43:45 Ballistics
44:03 Bodkin Arrow
44:57 Halberdier
46:02 Squires
45:47 Arson
46:39 Heavy Plow
47:47 Padded Archer Armor
48:35 Chain Mail Armor
49:56 Hand Cart
50:48 Two-Man Saw
50:12 Bracer
50:42 Plate Mail Armor
50:23 Man-at-Arms
51:43 Iron Casting
51:23 Leather Archer Armor
51:14 Scale Barding Armor
51:18 Hussite Reforms
51:34 Elite Skirmisher
51:36 Crossbowman
52:26 Siege Engineers
52:31 Masonry
53:15 Block Printing
53:25 Illumination
53:01 Atonement
53:38 Theocracy
52:45 Long Swordsman
53:47 Houfnice
53:49 Two-Handed Swordsman
54:31 Champion
55:44 Guilds
56:57 Blast Furnace
crypto_zhupel
5:17 Loom
8:46 Feudal Age
13:48 Castle Age
13:57 Gold Mining
28:30 Double-Bit Axe
28:35 Horse Collar
31:19 Bow Saw
33:56 Scale Barding Armor
34:33 Wheelbarrow
34:34 Light Cavalry
35:39 Husbandry
35:54 Forging
36:32 Stone Mining
38:56 Heavy Plow
41:57 Imperial Age
41:10 Iron Casting
43:00 Conscription
42:22 Hussar
46:06 Chain Barding Armor
49:05 Hand Cart
48:28 Onager
51:03 Siege Engineers
53:59 Hand Cart
Connection lost

Rejoining the realm…

Still unreachable

The connection could not be restored.

Session expired

The server has moved on; the page needs a fresh start.